 Dungeon Crawl Stone Soup version 0.27.1-1-g398f81649c (webtiles) character file.

Game seed: 15383879392578296435

95 Kala the Ruffian (level 4, -1/41 HPs)
             Began as a Troll Transmuter on Sept 8, 2021.
             Was a Follower of Okawaru.
             Slain by a gnoll (9 damage)
             ... on level 3 of the Dungeon.
             The game lasted 00:04:01 (1830 turns).

Kala the Ruffian (Troll Transmuter)                 Turns: 1830, Time: 00:04:01

Health: -1/41      AC:  4    Str: 19    XL:     4   Next: 39%
Magic:  1/4        EV: 11    Int:  9    God:    Okawaru [*.....]
Gold:   59         SH:  0    Dex: 10    Spells: 2/5 levels left

rFire    . . .     SeeInvis +     - Unarmed
rCold    . . .     Faith    .   (no shield)
rNeg     . . .     Spirit   .   a - +0 robe
rPois    .         Reflect  .   (helmet currently unavailable)
rElec    .         Harm     .   (no cloak)
rCorr    .         Rampage  .   (gloves unavailable)
Will     .....                  (boots unavailable)
Stlth    +++.......             (no amulet)
HPRegen  1.13/turn              g - ring of see invisible
MPRegen  0.09/turn              (no ring)

@: appendages (expiring), heroic
A: horns 2, talons 2, large, unfitting armour, claws 3, regeneration 1, shaggy
fur 1, tough skin 1
a: End Transformation, Renounce Religion, Heroism


You were on level 3 of the Dungeon.
You worshipped Okawaru.
Okawaru was aware of your devotion.
You had temporarily grown beastly horns and talons.
You visited 1 branch of the dungeon, and saw 3 of its levels.

You collected 59 gold pieces.

Inventory:

Armour
 a - a +0 robe (worn)
Jewellery
 g - a ring of see invisible (left claw)
Scrolls
 b - a scroll of vulnerability {unknown}
 c - 2 scrolls of amnesia {unknown}
 d - a scroll of summoning {unknown}
Potions
 e - a potion of ambrosia {unknown}
 f - a potion of brilliance {unknown}


   Skills:
 + Level 1.3(6.3) Fighting
 - Level 1.5(6.5) Dodging
 * Level 3.9(8.9) Unarmed Combat
 - Level 1.2 Spellcasting
 * Level 2.3 Transmutations
 + Level 1.3 Earth Magic


You had 2 spell levels left.
You knew the following spells:

 Your Spells              Type           Power      Damage    Failure   Level
a - Beastly Appendage     Tmut           8%         N/A       14%         1
b - Wereblood             Tmut           4%         N/A       22%         2

Your spell library contained the following spells:

 Spells                   Type           Power      Damage    Failure   Level
 Animate Skeleton         Necr           0%         N/A       36%         1
 Apportation              Tloc           0%         N/A       36%         1
 Corona                   Hex            0%         N/A       36%         1
 Summon Small Mammal      Summ           0%         N/A       36%         1
 Spider Form              Tmut/Pois      1%         N/A       56%         3
 Dazzling Flash           Conj/Hex       0%         N/A       73%         3
 Ice Form                 Ice/Tmut       2%         N/A       92%         4
 Iskenderun's Mystic Bla  Conj/Tloc      0%         2d3       98%         4
 Starburst                Conj/Fire      0%         6d3       100%        6


Dungeon Overview and Level Annotations

Branches:
Dungeon (3/15)

Altars:
Okawaru
Qazlal


Innate Abilities, Weirdness & Mutations

You have temporarily grown beastly horns and talons.
You are too large for most types of armour.
You have claws for hands.
Your natural rate of healing is unusually fast.
You are covered in fur. (AC +1)
You have tough skin. (AC +1)


Message History

You are too injured to fight recklessly!
You are too injured to fight recklessly!
You are too injured to fight recklessly!
You are too injured to fight recklessly!
You barely miss the gnoll.
The gnoll is moderately wounded.
The bat closely misses you. The gnoll barely misses you.
The gnoll closely misses you.
You completely miss the bat. Your headbutt misses the bat.
The bat hits you but does no damage. The bat barely misses you.
The dart slug barely misses you.
The gnoll hits you from afar with a +0 halberd.
The gnoll hits you with a +0 vorpal flail.
* * * LOW HITPOINT WARNING * * *
x2 The bat hits you but does no damage.
You claw the bat!
You kill the bat!
The gnoll hits you from afar with a +0 halberd.
* * * LOW HITPOINT WARNING * * *
The dart slug bites you but does no damage.
Your transformation is almost over.
The gnoll closely misses you. The gnoll misses you.
The gnoll closely misses you.
You see here a bat corpse.
You scratch the gnoll. Your kick misses the gnoll.
The gnoll is moderately wounded.
The gnoll barely misses you. The gnoll closely misses you.
You scratch the gnoll. You claw the gnoll.
You kill the gnoll!
Okawaru accepts your kill. The gnoll closely misses you.
The gnoll hits you with a +0 vorpal flail.
* * * LOW HITPOINT WARNING * * *
x2 The dart slug bites you but does no damage.
The dart slug barely misses you.
You scratch the gnoll. Your kick misses the gnoll.
The gnoll is severely wounded.
The gnoll barely misses you.
The gnoll hits you with a +0 vorpal flail!
You die...

. .. . ... ^≈ ....
#≈.### ####g....
._)...####.)gg....
#≈≈≈....)g@#
.#..<.ww#
######).# ...w#
.##[# #. ..# ≈.
#..# ≈≈ .... ≈#.


You could see 3 gnolls, 3 dart slugs and a hobgoblin.

Vanquished Creatures
  A gnoll (D:3)
  An adder (D:2)
  A worm (D:2)
  4 dart slugs
  4 orcs (D:3)
  2 ball pythons
  10 bats
  3 endoplasms
  3 giant cockroaches
  4 goblins
  5 hobgoblins
  6 jackals
  A quokka (D:2)
  3 frilled lizards
  5 kobolds
  5 rats
58 creatures vanquished.

Notes
Turn   | Place    | Note
-------+----------+-------------------------------------------
     0 | D:1      | Kala the Troll Transmuter began the quest for the Orb.
     0 | D:1      | Reached XP level 1. HP: 18/18 MP: 1/1
    27 | D:1      | Found a faded altar of an unknown god.
    40 | D:1      | Became a worshipper of Warmaster Okawaru
    40 | D:1      | Reached * piety under Okawaru
   117 | D:1      | Reached XP level 2. HP: 26/26 MP: 0/2
   146 | D:1      | Reached skill level 1 in Fighting
   894 | D:1      | Reached XP level 3. HP: 33/33 MP: 1/3
  1134 | D:2      | Reached skill level 1 in Earth Magic
  1270 | D:2      | Learned a level 2 spell: Wereblood
  1577 | D:2      | Reached XP level 4. HP: 35/41 MP: 2/4
  1807 | D:3      | Found a stormy altar of Qazlal.
  1830 | D:3      | Slain by a gnoll

Illustrated notes

Levels and vault maps discovered:
D:1:      dpeg_arrival_tiny_c, layout_loops_corners,
          chequers_ecumenical_altar_island
D:2:      layout_loops_ring
D:3:      kennysheep_slugbush, layout_rooms,
          grunt_temple_overflow_forces_of_nature, chequers_serial_rivers_micro_e

Skill      XL: |  1  2  3 |
---------------+----------+-----
Fighting       | 1 |  1.3
Earth Magic    | 1 |  1.3
Transmutations | 2 |  2.3
Dodging        | |  1.5
Unarmed Combat | |  3.9
Spellcasting   | |  1.2

Action                   |  1- 3 |  4- 6 || total
-------------------------+-------+-------++-------
Melee: Unarmed           |    94 |    24 ||   118
       Kick              |    16 |     4 ||    20
       Headbutt          |     7 |     2 ||     9
       Punch             |     1 |       ||     1
 Cast: Beastly Appendage |    32 |     5 ||    37
Invok: Heroism           |       |     1 ||     1
 Stab: Sleeping          |     1 |       ||     1
Armor: Robe              |    34 |    16 ||    50
Dodge: Dodged            |    61 |    27 ||    88
